 Dungeon Crawl Stone Soup version 0.31-a0-365-gcf821cafb2 (webtiles) character file.

Game seed: 10047878276139379289

1754 porpoise the Carver (level 8, -5/62 HPs)
             Began as a Demonspawn Gladiator on July 28, 2023.
             Was an Initiate of Gozag.
             Slain by a gnoll
             ... wielding a +0 flail
              (6 damage)
             ... on level 6 of the Dungeon.
             The game lasted 00:19:57 (6012 turns).

porpoise the Carver (Demonspawn Gladiator)          Turns: 6012, Time: 00:19:58

Health: -5/62      AC: 14    Str: 20    XL:     8   Next: 78%
Magic:  8/8        EV: 13    Int: 11    God:    Gozag
Gold:   249        SH:  0    Dex: 16    Spells: 7/7 levels left

rFire   . . .        a - +1 long sword
rCold   . . .        (no shield)
rNeg    . . .        y - +1 troll leather armour {Pargi}
rPois   .            c - +0 helmet
rElec   .            H - scarf {+Inv}
rCorr   .            i - +0 pair of gloves
SInv    +            n - +0 pair of boots
Will    .....        C - amulet of the acrobat
Stlth   +            q - ring of see invisible
HPRegen 1.10/turn    E - +6 ring of strength
MPRegen 0.11/turn

%: acrobat
@: gold aura, sanguine armoured
A: powered by death 1, sanguine armour 1
a: Renounce Religion, Evoke Invisibility, Potion Petition, Call Merchant, Bribe
Branch


You were on level 6 of the Dungeon.
You worshipped Gozag.
Gozag was aware of your devotion.
You visited 2 branches of the dungeon, and saw 7 of its levels.
You also visited: Sewer.

You collected 340 gold pieces.
You paid 91 gold pieces to Gozag.

Inventory:

Hand Weapons
 a - a +1 long sword (weapon)
Missiles
 d - 4 throwing nets (quivered)
 e - a javelin
 p - 8 boomerangs
 t - 11 poisoned darts
Armour
 c - a +0 helmet (worn)
 i - a +0 pair of gloves (worn)
 n - a +0 pair of boots (worn)
 y - a +1 troll leather armour (worn) {Pargi}
 H - a scarf of invisibility (worn)
 I - a +0 leather armour of willpower
Jewellery
 q - a ring of see invisible (left hand)
 u - a +6 ring of strength
 C - an amulet of the acrobat (around neck)
 E - a +6 ring of strength (right hand)
Wands
 F - a wand of polymorph (3)
 G - a wand of acid (3)
 J - a wand of flame (25)
Scrolls
 f - a scroll of poison
 h - a scroll of revelation
 j - a scroll of enchant armour
 l - 2 scrolls of teleportation
 r - 2 scrolls of immolation
 s - a scroll of noise {unknown}
 w - 2 scrolls of enchant weapon
 x - a scroll of torment {unknown}
 B - a scroll of blinking {unknown}
 D - a scroll of amnesia {unknown}
Potions
 b - a potion of mutation {unknown}
 g - 5 potions of curing
 m - a potion of heal wounds
 o - 4 potions of enlightenment
 v - a potion of lignification {unknown}
 z - a potion of brilliance {unknown}
 A - a potion of experience {unknown}


   Skills:
 - Level 5.0 Fighting
 * Level 9.2 Long Blades
 - Level 1.7 Throwing
 + Level 4.6 Dodging


You had 7 spell levels left.
You didn't know any spells.
Your spell library contained the following spells:

 Spells                   Type           Power      Damage    Failure   Level
 Apportation              Tloc           0%         N/A       38%         1
 Freeze                   Ice            0%         1d3       38%         1
 Necrotise                Necr           0%         1d4       38%         1
 Summon Small Mammal      Summ           0%         N/A       38%         1
 Blink                    Tloc           0%         N/A       54%         2
 Lesser Beckoning         Tloc           0%         N/A       54%         2
 Momentum Strike          Conj/Tloc      0%         3d8       54%         2
 Frozen Ramparts          Ice            0%         1d1       77%         3
 Hailstorm                Conj/Ice       0%         3d3       77%         3


Dungeon Overview and Level Annotations

Branches:
Dungeon (6/15)             Temple (1/1) D:5           Sewer (visited)

Altars:
Ashenzari
Fedhas
Gozag
Kikubaaqudgha
Makhleb
Nemelex Xobeh
Okawaru
Qazlal
Ru
Sif Muna
Uskayaw
Vehumet
Wu Jian
Xom
Yredelemnul

Annotations:
D:6 Maggie


Innate Abilities, Weirdness & Mutations

You regenerate a little health from kills.
When seriously injured, your blood forms armour. (AC +6)


Message History

The white imp gestures at you. The puff of frost hits you.
Your blood congeals into armour.
The gnoll barely misses you. The gnoll hits you with a +0 flail.
Maggie is distracted by your dazzling golden aura.
The gnoll hits you from afar with a +0 spear.
You hit Maggie.
Maggie is no longer distracted by gold.
Maggie is moderately wounded.
The white imp gestures at you. The puff of frost misses you.
The gnoll hits you with a +0 whip. The gnoll barely misses you.
Maggie barely misses you. The gnoll closely misses you.
You slash Maggie!
Maggie is heavily wounded.
The white imp hits you but does no damage.
The gnoll closely misses you. The gnoll completely misses you.
The gnoll barely misses you.
You slash Maggie!
Maggie is heavily wounded.
Maggie closely misses you. The white imp closely misses you.
The gnoll misses you.
The gnoll hits you but does no damage. x2
You closely miss Maggie.
Maggie is heavily wounded.
The white imp shouts, "Bolt, thou horrid doghearted harpy!"
The white imp hits you. The white imp freezes you. The gnoll barely misses you.
The gnoll hits you with a +0 flail.
Maggie hits you with a +2 heavy war axe!
* * * LOW HITPOINT WARNING * * *
The gnoll barely misses you.
You hit Maggie.
Maggie is severely wounded.
You slash Maggie!
Maggie is severely wounded.
The white imp hits you.
* * * LOW HITPOINT WARNING * * *
The white imp freezes you.
* * * LOW HITPOINT WARNING * * *
The gnoll is distracted by your dazzling golden aura.
The gnoll hits you with a +0 flail.
You die...
Your body crumbles into a pile of gold.

#...# #...#
#...+ #...#
#...######
#.....(..#
#@.......#
#@5......#
#gg..<...#
#g..>....#
#......###
#......#
#.........
#..........
#...........
#....####...


You could see Maggie, 3 gnolls and a white imp.

Vanquished Creatures
  Pikel (D:4)
  Pargi (D:4)
  A black bear (D:5)
  An ogre (D:4)
  A centaur (D:5)
  2 phantoms (D:5)
  A lemure (D:4)
  A gnoll sergeant (D:5)
  2 scorpions (D:5)
  A gnoll bouda (D:5)
  2 orc priests (D:3)
  An iguana (D:4)
  2 orc wizards (D:5)
  Natasha (thrice) (D:4)
  10 gnolls
  2 river rats (Sewer)
  13 adders
  2 ufetubi (D:5)
  2 worms (D:2)
  5 dart slugs
  17 orcs
  5 bats
  8 endoplasms
  5 giant cockroaches
  16 goblins
  11 hobgoblins
  2 jackals (D:3)
  5 quokkas
  7 ball pythons
  11 frilled lizards
  2 kobolds
  6 rats
149 creatures vanquished.

Vanquished Creatures (others)
  An adder (D:6)
1 creature vanquished.

Grand Total: 150 creatures vanquished

Notes
Turn   | Place    | Note
-------+----------+-------------------------------------------
     0 | D:1      | porpoise the Demonspawn Gladiator began the quest for the
                  | Orb.
     0 | D:1      | Reached XP level 1. HP: 16/16 MP: 1/1
   100 | D:1      | Reached skill level 3 in Long Blades
   160 | D:1      | Gained mutation: When seriously injured, your blood forms
                  | armour. (AC +6) [demonic ancestry]
   160 | D:1      | Reached XP level 2. HP: 21/22 MP: 2/2
   654 | D:1      | Gained mutation: You regenerate a little health from kills.
                  | [demonic ancestry]
   654 | D:1      | Reached XP level 3. HP: 28/28 MP: 3/3
   667 | D:1      | Found a faded altar of an unknown god.
  1200 | D:2      | You fall into a shaft and drop 1 floor!
  1228 | D:2      | Reached skill level 4 in Long Blades
  1228 | D:2      | Reached XP level 4. HP: 20/35 MP: 4/4
  2091 | D:3      | Reached XP level 5. HP: 27/41 MP: 5/5
  2306 | D:3      | Found an opulent altar of Gozag.
  2307 | D:3      | Found an ornate altar of the Wu Jian Council.
  2490 | D:3      | Reached skill level 5 in Long Blades
  3277 | D:4      | Found a glowing drain.
  3349 | Sewer    | Entered a sewer
  3561 | Sewer    | Reached XP level 6. HP: 42/48 MP: 6/6
  3882 | D:4      | Noticed Pargi
  3898 | D:4      | Killed Pargi
  4066 | D:4      | Noticed Pikel
  4088 | D:4      | Killed Pikel
  4089 | D:4      | Reached skill level 5 in Fighting
  4089 | D:4      | Reached skill level 7 in Long Blades
  4089 | D:4      | Reached XP level 7. HP: 28/56 MP: 7/7
  4151 | D:4      | Noticed Natasha
  4157 | D:4      | Killed Natasha
  4197 | D:4      | Noticed Natasha
  4202 | D:4      | Killed Natasha
  4229 | D:4      | Reached XP level 8. HP: 49/62 MP: 8/8
  4268 | D:4      | Noticed Natasha
  4348 | D:4      | Killed Natasha
  4606 | D:5      | Entered Level 5 of the Dungeon
  4616 | D:5      | Reached skill level 8 in Long Blades
  5310 | D:5      | Found a staircase to the Ecumenical Temple.
  5326 | Temple   | Entered the Ecumenical Temple
  5351 | D:5      | Reached skill level 9 in Long Blades
  5425 | D:3      | Became a worshipper of Gozag Ym Sagoz the Greedy
  5983 | D:6      | Noticed Maggie
  6012 | D:6      | HP: 3/62 [white imp (3)]
  6012 | D:6      | HP: 1/62 [white imp (2)]
  6012 | D:6      | Slain by a gnoll

Illustrated notes

Levels and vault maps discovered:
D:1:      enne_arrival_octagon_isle, layout_basic,
          nicolae_ecumenical_lake_church, dk_noncrumbling_2
D:2:      minmay_diamond_boxcup, layout_loops_ring
D:3:      wad_river_or_something, layout_loops_ring,
          chequers_temple_overflow_statue_of_worship
D:4:      layout_basic, portal_sewer_entry_d, uniq_natasha, uniq_pikel,
          uniq_pargi
D:5:      layout_basic, minmay_temple_entry_grid
D:6:      layout_gridville, uniq_maggie, uniq_crazy_yiuf_cottage
Temple:   nicolae_temple_superstar

Skill      XL: |  1  2  3  4  5  6  7  8 |
---------------+-------------------------+-----
Long Blades    | 3 4 5 7 9 |  9.2
Fighting       | 3 5 |  5.0
Dodging        | 3 4 |  4.6
Throwing       | |  1.7

Action                     |  1- 3 |  4- 6 |  7- 9 || total
---------------------------+-------+-------+-------++-------
  Melee: Long sword        |   116 |   279 |   235 ||   630
         Punch             |     3 |     1 |     6 ||    10
         Unarmed           |       |       |     1 ||     1
  Throw: Throwing net      |       |     1 |       ||     1
    Use: Scroll            |       |    10 |     2 ||    12
         Potion            |       |     1 |     2 ||     3
   Stab: Sleeping          |     1 |     4 |       ||     5
         Held in net/web   |       |     1 |       ||     1
         Invisible         |       |       |     2 ||     2
 Armour: Leather armour    |    29 |    75 |       ||   104
         Troll leather arm |       |    13 |    65 ||    78
  Dodge: Dodged            |    60 |   154 |   202 ||   416

Table legend: (Time is in decaauts)
 A = Elapsed time spent in this place.
 B = Non-inter-level travel time spent in this place.
 C = Inter-level travel time spent in this place.
 D = Time resting spent in this place.
 E = Time spent auto-exploring this place.
 F = Levels seen in this place.
 G = Mean time per level.
                   A        B        C        D        E       F      G
               +--------+--------+--------+--------+--------+-----+--------+
         Total |   6161 |   5854 |    307 |   1141 |   2893 |   8 |  770.1 |
       Dungeon |   5621 |   5315 |    306 |   1000 |   2881 |   6 |  936.8 |
        Temple |      1 |      0 |      1 |      0 |      0 |   1 |    1.0 |
         Sewer |    538 |    538 |      0 |    141 |     11 |   1 |  538.0 |
               +--------+--------+--------+--------+--------+-----+--------+

Top non-repeatable levels by time:
     D:3: 1561 daAuts
     D:5: 1302 daAuts
     D:4: 977 daAuts
     D:2: 925 daAuts
     D:1: 826 daAuts
   Sewer: 538 daAuts
     D:6: 27 daAuts
  Temple: 1 daAuts
